Map: Port Aleksander LE

Players

ClickFaster - Winner!

  • Race: Terran Terran
  • League: Gold
  • Spawn Location: 11:00

A.I. 1 (Harder)

  • Race: Zerg Zerg
  • Spawn Location: 5:00

VOD

Have the link to the VOD?

Description

Time

  • Played on: March 30, 2019, 3:50 p.m.
  • Length: 9:23
Show
View Real Time Build Order
Export as new Build Order

ClickFaster Terran - Winner!

Build Orders: Hellion Banshee 

Get SALT Encoding   

  6  0:01  SCV  
  13  0:13  SCV  
  14  0:18  Supply Depot  
  14  0:25  SCV  
  15  0:40  Barracks, SCV  
  16  0:46  Refinery  
  16  0:52  SCV  
  17  1:04  SCV  
  18  1:16  SCV  
  19  1:28  Marine, Orbital Command  
  19  1:30  Supply Depot  
  20  1:46  Marine  
  21  1:55  SCV  
  21  1:59  Factory  
  21  2:06  Barracks Reactor  
  21  2:10  SCV  
  22  2:16  Refinery  
  22  2:22  SCV  
  23  2:32  Supply Depot  
  23  2:34  SCV  
  24  2:52  Barracks Tech Lab  
  24  2:53  SCV  
  24  2:54  Starport  
  24  2:55  Hellion  
  24  2:56  Hellion  
  29  3:05  SCV  
  30  3:12  Supply Depot  
  30  3:17  Hellion x2  
  30  3:18  SCV  
  35  3:22  Barracks Tech Lab  
  35  3:30  SCV  
  36  3:38  Hellion x2, Cloaking Field, Banshee  
  43  3:43  SCV  
  44  3:50  Supply Depot  
  44  3:55  SCV  
  45  4:09  Command Center  
  45  4:21  SCV, Banshee  
  49  4:27  Siege Tank  
  52  4:32  Marine x2  
  54  4:53  Marine  
  55  5:00  Supply Depot x2  
  55  5:07  Marine, Siege Tank, Banshee  
  55  5:10  Marine  
  63  5:17  Barracks  
  63  5:25  Marine  
  63  5:27  SCV  
  65  5:29  Barracks  
  65  5:39  Siege Tank  
  65  5:41  Marine  
  69  5:42  Marine  
  69  5:49  SCV  
  71  6:02  Orbital Command  
  71  6:10  Refinery, Barracks Tech Lab  
  71  6:13  Siege Tank  
  71  6:14  Refinery  
  74  6:27  Medivac  
  74  6:31  Stimpack  
  76  6:33  Marine x2  
  76  6:34  Marine x2  
  76  6:37  SCV  
  76  6:39  SCV  
  82  6:54  Marine x3  
  82  6:55  Marine  
  82  6:56  Siege Tank  
  89  7:01  Raven  
  88  7:24  SCV x2  
  88  7:29  Marine x3  
  93  7:30  Marine  
  94  7:48  Viking  
  92  7:51  Siege Tank  
Show
View Real Time Build Order
Export as new Build Order

A.I. 1 (Harder) Zerg 

Build Orders: 1 Base Baneling Bust, Pool First 

Get SALT Encoding   

  6  0:01  Drone  
  13  0:13  Overlord  
  13  0:18  Drone  
  14  0:31  Drone x2  
  16  0:44  Spawning Pool  
  16  0:46  Drone  
  16  0:50  Drone  
  16  0:52  Extractor  
  16  0:56  Drone  
  17  1:06  Overlord  
  17  1:31  Queen  
  17  1:32  Zergling x2  
  20  1:38  Roach Warren  
  20  1:39  Drone  
  20  1:43  Extractor, Zergling x2  
  20  1:49  Drone  
  21  2:00  Drone  
  22  2:11  Overlord  
  22  2:22  Drone  
  23  2:32  Roach  
  25  2:38  Drone  
  25  2:44  Overlord, Roach  
  28  2:55  Roach  
  30  3:07  Roach  
  30  3:09  Overlord  
  32  3:18  Drone, Roach  
  35  3:22  Drone  
  35  3:25  Drone  
  37  3:30  Ravager x3  
  37  3:31  Ravager  
  41  3:36  Roach  
  43  3:44  Overlord  
  43  3:48  Roach  
  45  3:58  Drone  
  45  3:59  Roach  
  45  4:02  Drone  
  49  4:12  Baneling Nest, Drone  
  49  4:14  Drone, Roach  
  52  4:20  Overlord  
  52  4:25  Roach  
  52  4:26  Evolution Chamber  
  53  4:34  Drone  
  56  4:45  Roach  
  56  6:20  Lair, Overlord, Roach  
  56  6:22  Spore Crawler  
  56  6:23  Spore Crawler  
  56  6:24  Drone  
  57  6:27  Roach  
  57  6:28  Hatchery  
  57  6:29  Drone  
  59  6:35  Roach  
  61  6:40  Hatchery  
  60  6:52  Hatchery  
  59  7:04  Hatchery  
  30  7:17  Hatchery, Burrow  
  30  7:20  Hydralisk Den  
  28  7:28  Hatchery  
  26  7:48  Drone  
  26  7:49  Hydralisk, Drone x2  
  26  7:54  Drone  
  26  7:56  Hydralisk  
Tags
 
Add a new tag
Caveats
  • Supply blocks, unpowered buildings, or Contaminate may cause inaccurate times.
  • Supply counts are checked every 10 seconds.